 Dungeon Crawl Stone Soup version 0.30-a0-365-ge7f957f1db (webtiles) character file.

Game seed: 7930855371993850475

1792 qeuew the Covert (level 8, -4/42 HPs)
             Began as a Spriggan Hunter on Nov 17, 2022.
             Was a Follower of Dithmenos.
             Shot with an arrow by a centaur warrior (32 damage)
             ... on level 9 of the Dungeon.
             The game lasted 00:07:57 (4029 turns).

qeuew the Covert (Spriggan Hunter)                  Turns: 4029, Time: 00:07:58

Health: -4/42      AC:  3    Str:  7    XL:     8   Next: 82%
Magic:  10/10      EV: 22    Int: 10    God:    Dithmenos [*.....]
Gold:   330        SH:  5    Dex: 21    Spells: 7/7 levels left

rFire   . . .      SeeInvis +    f - +0 dagger
rCold   . . .      Faith    .    (no shield)
rNeg    . . .      Spirit   .    c - +1 robe
rPois   .          Reflect  +    (helmet restricted)
rElec   .          Harm     .    (no cloak)
rCorr   .          Rampage  .    (gloves unavailable)
Will    +....                    (boots unavailable)
Stlth   +++++.....               g - amulet of reflection
HPRegen 0.27/turn                (no ring)
MPRegen 0.12/turn                (no ring)

@: wreathed by umbra, very quick
A: very small, no large weapons, unfitting armour, see invisible, speed 3
a: Renounce Religion


You were on level 9 of the Dungeon.
You worshipped Dithmenos.
Dithmenos was aware of your devotion.
You visited 2 branches of the dungeon, and saw 8 of its levels.

You collected 330 gold pieces.

Inventory:

Hand Weapons
 a - a +0 shortbow of flaming
 f - a +0 dagger (weapon)
Armour
 c - a +1 robe (worn)
Jewellery
 g - an amulet of reflection (around neck)
Wands
 e - a wand of polymorph (13)
Scrolls
 d - a scroll of identify
Potions
 b - a potion of flight
 i - 2 potions of resistance
 l - a potion of might
 m - a potion of curing


   Skills:
 + Level 3.8 Fighting
 + Level 4.4 Short Blades
 + Level 5.9 Ranged Weapons
 + Level 6.3 Dodging
 * Level 9.7 Stealth
 + Level 2.6 Invocations
 + Level 3.2 Evocations


You had 7 spell levels left.
You didn't know any spells.
Your spell library contained the following spells:

 Spells                   Type           Power      Damage    Failure   Level
 Sandblast                Erth           0%         2d4       36%         1
 Passwall                 Tmut/Erth      0%         N/A       50%         2
 Stone Arrow              Conj/Erth      0%         3d7       75%         3


Dungeon Overview and Level Annotations

Branches:
Dungeon (6/15)             Temple (1/1) D:4

Altars:
Cheibriados
Dithmenos
Elyvilon
Fedhas
Makhleb
Qazlal
Sif Muna
Trog
Uskayaw
Vehumet
Wu Jian
Xom
The Shining One

Shops:
D:2 ?


Innate Abilities, Weirdness & Mutations

You are very small and have problems with some larger weapons.
You are too small for most types of armour.
You have supernaturally acute eyesight. (SInv)
You cover ground extremely quickly. (Speed+++)


Message History

Your +0 shortbow of flaming stops flaming.
f - a +0 dagger (weapon)
A cyclops opens the door.
A gargoyle comes into view.
It is wielding a +2 dire flail of protection.
The centaur warrior wields a +0 longbow.
The centaur warrior shoots an arrow.
The arrow barely misses you.
You open the door.
A hornet comes into view.
A deep elf pyromancer comes into view. It is wielding a +0 rapier.
The cyclops throws a large rock.
The large rock barely misses you.
There is an open door here.
The helpless deep elf pyromancer fails to defend itself.
You perforate the deep elf pyromancer like a sieve!!!
You kill the deep elf pyromancer!
Dithmenos accepts your kill.
Your Short Blades skill increases to level 4!
Your Dodging skill increases to level 6!
Your Stealth skill increases to level 9!
Your Invocations skill increases to level 2!
The helpless hornet fails to defend itself.
You spit the hornet like a pig!!!
You kill the hornet!
Dithmenos accepts your kill.
Your Evocations skill increases to level 3!
Things that are here:
a +0 rapier; an elf corpse The centaur warrior shoots an arrow.
The arrow misses you.
A hornet, a great orb of eyes, an orc knight and a manticore come into view.
The orc knight is wielding a +1 war axe of venom.
The centaur warrior shoots an arrow.
The arrow completely misses you.
Unknown command.
Okay, then.
The great orb of eyes misses you.
The hornet buzzes angrily.
The orc knight shouts!
You open the door. The great orb of eyes bites you!
The manticore completely misses you. The manticore misses you.
The manticore closely misses you. The hornet misses you.
The centaur warrior shoots an arrow.
The arrow hits you!!
Ouch! That really hurt!
You die...

##. ... ...
####9## #####
#[#.c.###...#
##.'..##..Gy.#
#cC#/##...@Ho#
#..###c####'##
##..##..# .#
#...##..# .#
#...#.).# .#
#...c...# .#
#...#.†.# ##
#########


You could see an orc knight, a great orb of eyes, a centaur warrior, a manticore
and a hornet.

Vanquished Creatures
  A deep elf pyromancer (D:9)
  A hornet (D:9)
  Sigmund (D:2)
  Edmund (D:4)
  A black bear (D:4)
  An ogre (D:3)
  Blork the orc (D:5)
  A scorpion (D:4)
  5 hounds
  An orc priest (D:5)
  Crazy Yiuf (D:4)
  4 iguanas (D:5)
  4 orc wizards (D:5)
  6 adders
  2 gnolls (D:6)
  A white imp (D:5)
  An ufetubus (D:5)
  A worm (D:3)
  2 dart slugs (D:5)
  10 orcs
  3 endoplasms
  2 giant cockroaches (D:1)
  9 goblins
  8 hobgoblins
  5 jackals
  8 quokkas
  6 ball pythons
  2 bats (D:3)
  3 frilled lizards
  2 kobolds (D:1)
  6 rats
100 creatures vanquished.

Notes
Turn   | Place    | Note
-------+----------+-------------------------------------------
     0 | D:1      | qeuew the Spriggan Hunter began the quest for the Orb.
     0 | D:1      | Reached XP level 1. HP: 10/10 MP: 2/2
    69 | D:1      | Reached skill level 2 in Stealth
   174 | D:1      | Reached XP level 2. HP: 15/15 MP: 3/3
   638 | D:1      | Reached XP level 3. HP: 18/18 MP: 4/4
   856 | D:2      | Reached skill level 3 in Stealth
   857 | D:2      | HP: 1/27 [frozen (2)]
   989 | D:2      | Reached skill level 1 in Short Blades
  1055 | D:2      | Found Jusenauz's Magic Scroll Shop.
  1091 | D:2      | Noticed Sigmund
  1107 | D:2      | Killed Sigmund
  1108 | D:2      | Reached skill level 5 in Stealth
  1108 | D:2      | Reached XP level 4. HP: 2/23 MP: 5/5
  1108 | D:2      | Reached XP level 5. HP: 2/27 MP: 6/6
  1554 | D:3      | Found an ornate altar of the Wu Jian Council.
  1558 | D:3      | Found a stormy altar of Qazlal.
  1558 | D:3      | Found a glowing golden altar of the Shining One.
  1732 | D:3      | Found a blossoming altar of Fedhas.
  1740 | D:3      | Noticed an ogre
  1761 | D:3      | Killed an ogre
  1762 | D:3      | Reached XP level 6. HP: 32/32 MP: 7/7
  2008 | D:4      | Noticed Edmund
  2218 | D:4      | Reached skill level 5 in Ranged Weapons
  2218 | D:4      | Reached skill level 6 in Stealth
  2412 | D:4      | Reached XP level 7. HP: 33/35 MP: 8/8
  2555 | D:4      | Killed Edmund
  2556 | D:4      | Reached skill level 5 in Dodging
  2556 | D:4      | Reached skill level 7 in Stealth
  2653 | D:4      | Identified the +4 flail "Bater" {antimagic, rC+}
  2693 | D:4      | Found a runed translucent door.
  2694 | D:4      | Noticed Crazy Yiuf
  2777 | D:4      | Found a staircase to the Ecumenical Temple.
  3074 | Temple   | Entered the Ecumenical Temple
  3111 | Temple   | Became a worshipper of Dithmenos the Shadowed
  3172 | D:4      | Killed Crazy Yiuf
  3197 | D:5      | Entered Level 5 of the Dungeon
  3225 | D:5      | Noticed Blork the orc
  3232 | D:5      | Killed Blork the orc
  3259 | D:5      | Reached skill level 1 in Evocations
  3427 | D:5      | Reached skill level 1 in Invocations
  3547 | D:5      | Reached skill level 8 in Stealth
  3636 | D:5      | Reached XP level 8. HP: 32/40 MP: 9/9
  4001 | D:6      | Reached * piety under Dithmenos
  4004 | D:6      | You fall into a shaft and drop 3 floors!
  4008 | D:9      | Noticed a cyclops
  4008 | D:9      | Noticed a centaur warrior
  4011 | D:9      | Noticed a gargoyle
  4016 | D:9      | Noticed a hornet
  4017 | D:9      | Noticed a deep elf pyromancer
  4019 | D:9      | Killed a deep elf pyromancer
  4020 | D:9      | Reached skill level 9 in Stealth
  4020 | D:9      | Killed a hornet
  4024 | D:9      | Noticed a hornet
  4024 | D:9      | Noticed a great orb of eyes
  4024 | D:9      | Noticed an orc knight
  4024 | D:9      | Noticed a manticore
  4029 | D:9      | Shot with an arrow by a centaur warrior

Illustrated notes

Levels and vault maps discovered:
D:1:      dpeg_arrival_yet_another_circle, layout_loops_ring
D:2:      layout_rooms, serial_shops, shop, uniq_sigmund
D:3:      layout_basic, mainiacjoe_overflow_cross_hatched,
          chequers_temple_overflow_statue_of_worship, minmay_misc_feat_rugged
D:4:      layout_basic, temple_statues, uniq_crazy_yiuf_cottage, uniq_edmund
D:5:      layout_rooms, corexii_shack, uniq_blork_the_orc
D:6:      layout_cave_pools, serial_gnoll_camp, grums_kennel,
          gnoll_camp_medium_02, gnoll_camp_medium_01, gnoll_camp_mini_shop,
          gnoll_camp_mini_shop, gnoll_camp_mini_basic, minivault_27
D:9:      minmay_sliced_demisemicircle, layout_rooms,
          gammafunk_temple_of_torment, nicolae_ru_path_of_blood,
          kennysheep_mini_moat, mainiacjoe_overflow_brackets,
          nicolae_overflow_hidden_temple
Temple:   nicolae_temple_ecumenical_triangle

Skill      XL: |  1  2  3  4  5  6  7  8 |
---------------+-------------------------+-----
Stealth        | 2 5 6 8 9 |  9.7
Dodging        | 3 4 5 6 |  6.3
Short Blades   | 2 3 4 |  4.4
Fighting       | 2 3 |  3.8
Ranged Weapons | 5 |  5.9
Evocations     | 1 3 |  3.2
Invocations    | 1 2 |  2.6

Action                   |  1- 3 |  4- 6 |  7- 9 || total
-------------------------+-------+-------+-------++-------
Melee: Dagger            |     1 |       |     3 ||     4
       Shortbow          |       |       |     1 ||     1
 Fire: Shortbow          |    91 |   105 |   198 ||   394
  Use: Scroll            |     6 |     1 |     6 ||    13
       Potion            |     2 |     5 |       ||     7
 Stab: Sleeping          |       |       |     3 ||     3
Armor: Robe              |     3 |     1 |     1 ||     5
Dodge: Dodged            |    33 |    56 |    74 ||   163
Block: Other             |       |    15 |    14 ||    29

Table legend: (Time is in decaauts)
 A = Elapsed time spent in this place.
 B = Non-inter-level travel time spent in this place.
 C = Inter-level travel time spent in this place.
 D = Time resting spent in this place.
 E = Time spent auto-exploring this place.
 F = Levels seen in this place.
 G = Mean time per level.
                   A        B        C        D        E       F      G
               +--------+--------+--------+--------+--------+-----+--------+
         Total |   3021 |   2879 |    142 |    170 |   1908 |   8 |  377.6 |
       Dungeon |   2994 |   2855 |    139 |    170 |   1908 |   7 |  427.7 |
        Temple |     26 |     23 |      3 |      0 |      0 |   1 |   26.0 |
               +--------+--------+--------+--------+--------+-----+--------+

Top non-repeatable levels by time:
     D:4: 805 daAuts
     D:1: 576 daAuts
     D:5: 566 daAuts
     D:3: 522 daAuts
     D:2: 467 daAuts
     D:6: 39 daAuts
  Temple: 26 daAuts
     D:9: 16 daAuts
